 Dungeon Crawl Stone Soup version 0.18-a0-1577-gf591c28 (webtiles) character file.

366 4thArraOfDagon the Chopper (level 6, 0/32 HPs)
             Began as a Vine Stalker Fighter on Mar 19, 2016.
             Was a Believer of Makhleb.
             Succumbed to a scorpion's poison
             ... on level 4 of the Dungeon.
             The game lasted 00:05:30 (966 turns).

4thArraOfDagon the Chopper (Vine Stalker Fighter)    Turns: 966, Time: 00:05:30

Health: 0/32       AC: 10    Str: 22 (24) XL:     6   Next: 68%
Magic:  7/7        EV:  5    Int:  7 (10) God:    Makhleb [**....]
Gold:   164        SH: 10    Dex: 11 (14) Spells: 0 memorised, 5 levels left

rFire  . . .     SeeInvis .     i - +3 hand axe
rCold  . . .     Gourm    .     n - +0 chain mail
rNeg   . . .     Faith    .     b - +1 shield
rPois  .         Spirit   +     (no helmet)
rElec  .         Dismiss  .     (no cloak)
rCorr  .         Reflect  .     h - +0 pair of gloves of Omission {*Confuse Str+6} (curse)
SustAt .         Harm     .     (no boots)
MR     .....                    (no amulet)
Stlth  ..........               (no ring)
                                (no ring)

@: lethally poisoned (0 -> -7), not resistant to hostile enchantments, extremely
unstealthy
A: fangs 2, regeneration 2, magic shield, antimagic bite, no device heal 3, rot
immunity
a: Minor Destruction, Renounce Religion


You were on level 4 of the Dungeon.
You worshipped Makhleb.
Makhleb was pleased with you.
You were hungry.

You visited 1 branch of the dungeon, and saw 4 of its levels.
You also visited: Sewer.

You collected 164 gold pieces.

Inventory:

Hand Weapons
 i - a +3 hand axe (weapon)
Armour
 b - a +1 shield (worn)
 h - the cursed +0 pair of gloves of Omission (worn) {*Confuse Str+6}
   (You found it on level 4 of the Dungeon)

   It affects your strength (+6).
   It may confuse you when you take damage.
   It has a curse placed upon it.
 n - a +0 chain mail (worn)
Scrolls
 c - a scroll of identify
 e - a scroll of fear {unknown}
 k - a scroll of recharging {unknown}
 l - a scroll of enchant weapon {unknown}
 p - a scroll of fog {unknown}
Potions
 a - a potion of degeneration
 f - 2 potions of flight
 j - a potion of brilliance
Comestibles
 d - 2 bread rations
 g - 4 fruits
 m - 2 meat rations


   Skills:
 - Level 2.6 Fighting
 * Level 4.8 Axes
 - Level 3.0 Armour
 - Level 2.6 Shields
 - Level 3.5 Unarmed Combat


You had 5 spell levels left.
You didn't know any spells.

Dungeon Overview and Level Annotations

Branches:
Dungeon (4/15)
 Temple: D:4-7

Altars:
Makhleb
Ru

Shops:
D:4 !


Innate Abilities, Weirdness & Mutations

You have extremely sharp teeth.
You heal very quickly.
When hurt, damage is shared between your health and your magic reserves.
Your bite disrupts and absorbs the magic of your enemies.
Potions and wands cannot restore your health.
You are immune to rotting.


Message History

It was a potion of degeneration.
There was something very wrong with that liquid.
You feel weakened.
You feel dopey.
You feel clumsy.
* * * LOW HITPOINT WARNING * * *
You feel sick. The scorpion barely misses you.
The quokka bites you but does no damage.
Unknown command.
You hit the quokka.
You kill the quokka!
Makhleb accepts your kill.
You miss the scorpion.
The scorpion is heavily wounded.
* * * LOW HITPOINT WARNING * * *
You feel sick. The scorpion stings you.
* * * LOW HITPOINT WARNING * * *
Unknown command.
Drink which item? (? for menu, Esc to quit)
It was a potion of magic.
Magic courses through your body.
You feel less confused.
You die...

##.#... .......
...... #.... ####
#.... ....
#....#######..#
###.....s@..<...#
...............##
########.#######
#.# #.# #.# #.#
#.# #.#


You could see a scorpion.

Vanquished Creatures
  Grinder (D:3)
  A worker ant (D:4)
  7 adders
  2 river rats (D:3)
  3 oozes (Sewer)
  5 worms (Sewer)
  A dart slug (D:2)
  A giant gecko (D:3)
  4 ball pythons
  2 giant cockroaches
  3 goblins (D:2)
  A hobgoblin (D:2)
  4 quokkas
  6 bats
  2 giant newts (Sewer)
  4 kobolds (D:3)
  5 rats (D:3)
52 creatures vanquished.

Notes
Turn   | Place    | Note
--------------------------------------------------------------
     0 | D:1      | 4thArraOfDagon the Vine Stalker Fighter began the quest for the Orb.
     0 | D:1      | Reached XP level 1. HP: 11/11 MP: 2/2
   108 | D:2      | Reached XP level 2. HP: 7/16 MP: 3/3
   143 | D:3      | Reached XP level 3. HP: 15/19 MP: 4/4
   183 | D:3      | Found a burning altar of Makhleb.
   186 | D:3      | Became a worshipper of Makhleb the Destroyer
   292 | D:3      | Found a sacrificial altar of Ru.
   327 | D:3      | Reached XP level 4. HP: 19/23 MP: 3/5
   395 | D:3      | Noticed Grinder
   405 | D:3      | Paralysed by Grinder for 3 turns
   412 | D:3      | Killed Grinder
   412 | D:3      | Reached skill level 4 in Axes
   412 | D:3      | Reached XP level 5. HP: 9/27 MP: 6/6
   412 | D:3      | Gained mutation: You heal very quickly. [Vine Stalker growth]
   412 | D:3      | Reached XP level 6. HP: 10/32 MP: 7/7
   518 | D:4      | Got a pair of steaming gloves
   524 | D:4      | Identified the cursed +0 pair of gloves of Omission {*Confuse Str+6} (You found it on level 4 of the Dungeon)
   590 | D:4      | Found Gotwecw's Distillery.
   680 | D:3      | Reached * piety under Makhleb
   694 | D:3      | Found a glowing drain.
   704 | Sewer    | Entered a sewer
   924 | D:3      | Reached ** piety under Makhleb
   966 | D:4      | Succumbed to a scorpion's poison

Vault maps used:
D:1:      minmay_arrival_shattered_statue, minmay_misc_feat_alley,
          minmay_misc_feat_x, kennysheep_doodads, serial_bayou_crossing
D:2:      first_bread
D:3:      overflow_temple_1_default, lightli_temple_of_fire, minitemple,
          portal_sewer_entry_e, uniq_grinder
D:4:      lemuel_coloured_pillars_altar, serial_shops, shop, shop_fountains,
          nicolae_shop_crystal, shop, nicolae_shop_statue_plus
Sewer:    sewer_fruit_machine

Skill      XL: |  1  2  3  4 |
---------------+-------------+-----
Unarmed Combat | 3 |  3.5
Armour         | 3 |  3.0
Axes           | 4 |  4.8
Fighting       | |  2.6
Shields        | |  2.6

Action                   |  1- 3 |  4- 6 || total
-------------------------+-------+-------++-------
Melee: Unarmed           |   100 |    44 ||   144
       Hand axe          |       |    68 ||    68
  Use: Scroll            |     5 |       ||     5
       Potion            |       |     4 ||     4
